 Dungeon Crawl Stone Soup version 0.28.0-53-g5a82cb258f (webtiles) character file.

Game seed: 17022215953060893672

413 Infinimo the Cudgeller (level 6, -2/56 HPs)
             Began as a Minotaur Fighter on May 30, 2022.
             Was an Initiate of Okawaru.
             Slain by an ogre
             ... wielding a +0 giant spiked club
              (17 damage)
             ... on level 5 of the Dungeon.
             The game lasted 00:04:05 (4230 turns).

Infinimo the Cudgeller (Minotaur Fighter)           Turns: 4230, Time: 00:04:05

Health: -2/56      AC:  8    Str: 23    XL:     6   Next: 59%
Magic:  5/5        EV:  9    Int:  5    God:    Okawaru [......]
Gold:   150        SH:  4    Dex:  9    Spells: 5/5 levels left

rFire   . . .      SeeInvis .   l - +1 morningstar
rCold   . . .      Faith    .   c - +0 buckler
rNeg    . . .      Spirit   .   b - +0 scale mail
rPois   .          Reflect  .   (helmet restricted)
rElec   .          Harm     .   (no cloak)
rCorr   .          Rampage  .   q - +0 pair of gloves
Will    .....                   (no boots)
Stlth   ..........              (no amulet)
HPRegen 0.18/turn               (no ring)
MPRegen 0.09/turn               (no ring)

@: no status effects
A: horns 2, retaliatory headbutt
a: Renounce Religion


You were on level 5 of the Dungeon.
You worshipped Okawaru.
Okawaru was noncommittal.
You visited 2 branches of the dungeon, and saw 6 of its levels.

You collected 150 gold pieces.

Inventory:

Hand Weapons
 l - a +1 morningstar (weapon)
Missiles
 g - 6 boomerangs (quivered)
 t - 7 poisoned darts
Armour
 b - a +0 scale mail (worn)
 c - a +0 buckler (worn)
 q - a +0 pair of gloves (worn)
Jewellery
 a - a ring of magical power
 f - a ring of fire
Scrolls
 i - 4 scrolls of teleportation
Potions
 d - 2 potions of might
 e - a potion of attraction
 h - a potion of mutation
 j - a potion of resistance
 k - 2 potions of heal wounds
 m - a potion of magic
 n - a potion of ambrosia
 p - 2 potions of curing {unknown}
 s - 2 potions of brilliance {unknown}


   Skills:
 + Level 5.1 Fighting
 * Level 5.6 Maces & Flails
 + Level 5.1 Armour
 + Level 5.1 Shields


You had 5 spell levels left.
You didn't know any spells.
Your spell library contained the following spells:

 Spells                   Type           Power      Damage    Failure   Level
 Shock                    Conj/Air       0%         1d3       86%         1
 Swiftness                Air            0%         N/A       99%         3
 Airstrike                Air            0%         N/A       100%        4
 Summon Forest            Summ/Tloc      Unusable   N/A       N/A         5
 Summon Mana Viper        Hex/Summ       Unusable   N/A       N/A         5
 Summon Cactus Giant      Summ           Unusable   N/A       N/A         6

Dungeon Overview and Level Annotations

Branches:
Dungeon (5/15)             Temple (1/1) D:4

Altars:
Cheibriados
Dithmenos
Elyvilon
Fedhas
Gozag
Hepliaklqana
Kikubaaqudgha
Makhleb
Nemelex Xobeh
Okawaru
Qazlal
Ru
Sif Muna
Trog
Uskayaw
Vehumet
Wu Jian
Xom
Yredelemnul
Zin
The Shining One


Innate Abilities, Weirdness & Mutations

You have a pair of horns on your head.
You reflexively headbutt those who attack you in melee.


Message History

You barely miss the orc. You impale the orc!!
You kill the orc!
Okawaru accepts your kill. The orc hits you but does no damage.
You hit the orc.
The orc is severely wounded.
The orc barely misses you.
You puncture the orc!
You kill the orc!
Okawaru accepts your kill.
No target in view!
No target in view!
You start resting.
An ogre comes into view. It is wielding a +0 giant spiked club.
The ogre shouts!
You climb upwards.
There is a stone staircase leading down here.
You start resting.
HP restored.
You climb downwards.
There is a stone staircase leading up here.
Throw: 8 darts (poison)
Press: ? - help, Shift-Dir - straight line, f - ogre
Aim: an ogre, wielding a +0 giant spiked club (72% to hit)
You throw a poisoned dart. The poisoned dart hits the ogre.
You hit the ogre. You headbutt the ogre.
The ogre is moderately wounded.
The ogre hits you with a +0 giant spiked club!
You closely miss the ogre. You headbutt the ogre.
The ogre is heavily wounded.
The ogre hits you with a +0 giant spiked club!!
Ouch! That really hurt!
* * * LOW HITPOINT WARNING * * *
You are too injured to fight recklessly!
You are too injured to fight recklessly!
You thump the ogre!
The ogre is almost dead.
The ogre hits you with a +0 giant spiked club!
You die...

..#..####.##
#. #...##.##
#. ##.....# #
#.
##..#.........
#.#.
#..##.##...###
#...##.###.#
##..#
#.....##..#
#.#
##.#..##[## .#
#.#...O@# .
#.....###
##..##)......
#... .......
...## (.....?
...# #######
#..o #...


You could see an ogre.

Vanquished Creatures
  2 phantoms (D:4)
  A hound (D:4)
  Ijyb (D:5)
  2 iguanas (D:4)
  An orc wizard (D:5)
  A hound skeleton (D:4)
  2 adders (D:2)
  2 worms
  3 dart slugs
  10 orcs
  9 ball pythons
  6 bats
  6 endoplasms
  4 giant cockroaches
  5 goblins
  5 hobgoblins
  3 jackals (D:2)
  7 kobolds
  4 quokkas
  2 frilled lizards
  A quokka skeleton (D:4)
  6 rats
83 creatures vanquished.

Notes
Turn   | Place    | Note
-------+----------+-------------------------------------------
     0 | D:1      | Infinimo the Minotaur Fighter began the quest for the Orb.
     0 | D:1      | Reached XP level 1. HP: 19/19 MP: 0/0
   178 | D:1      | Reached XP level 2. HP: 26/27 MP: 1/1
  1062 | D:2      | Reached XP level 3. HP: 33/33 MP: 2/2
  1811 | D:3      | Reached XP level 4. HP: 40/40 MP: 3/3
  1858 | D:3      | Found a faded altar of an unknown god.
  2817 | D:4      | Noticed a phantom
  2831 | D:4      | Killed a phantom
  2832 | D:4      | Reached XP level 5. HP: 15/47 MP: 4/4
  3122 | D:4      | Noticed a phantom
  3129 | D:4      | Killed a phantom
  3130 | D:4      | Reached skill level 5 in Maces & Flails
  3130 | D:4      | Reached XP level 6. HP: 48/55 MP: 5/5
  3262 | D:4      | Found a staircase to the Ecumenical Temple.
  3271 | Temple   | Entered the Ecumenical Temple
  3637 | Temple   | Became a worshipper of Warmaster Okawaru
  3663 | D:4      | Reached skill level 5 in Fighting
  3663 | D:4      | Reached skill level 5 in Armour
  3663 | D:4      | Reached skill level 5 in Shields
  4038 | D:5      | Entered Level 5 of the Dungeon
  4111 | D:5      | Noticed Ijyb
  4119 | D:5      | Killed Ijyb
  4230 | D:5      | Slain by an ogre

Illustrated notes

Levels and vault maps discovered:
D:1:      elethiomel_arrival_infinity_welcomes_careful_drivers, layout_basic,
          amethyst_killhole
D:2:      layout_basic, hex_intersection, minmay_tromino_v2
D:3:      layout_basic, ebering_ecumenical_altar_webs, dk_noncrumbling_3,
          palyth_stone_intersect
D:4:      layout_rooms, temple_fountains, cheibrodos_sewer_entry_bend
D:5:      layout_rooms, mainiacjoe_overflow_cross_hatched, uniq_ijyb,
          uniq_edmund, uniq_eustachio, uniq_prince_ribbit1
Temple:   mainiacjoe_temple_circle_huts

Skill      XL: |  1  2  3  4  5  6 |
---------------+-------------------+-----
Maces & Flails | 3 4 5 |  5.6
Fighting       | 4 5 |  5.1
Armour         | 4 5 |  5.1
Shields        | 4 5 |  5.1

Action                   |  1- 3 |  4- 6 || total
-------------------------+-------+-------++-------
Melee: Flail             |    65 |       ||    65
       Headbutt          |    12 |    16 ||    28
       Morningstar       |    30 |   108 ||   138
Throw: Boomerang         |     2 |       ||     2
       Dart              |       |     1 ||     1
  Use: Scroll            |     4 |     5 ||     9
 Stab: Sleeping          |       |     1 ||     1
Armor: Scale mail        |    49 |    57 ||   106
Dodge: Dodged            |    44 |    47 ||    91
Block: Buckler           |    20 |    23 ||    43
